General information
- name: BNet
- type: Ladder team game (AT/RT)
- host: Battle.net
- saver: CanadaNo1Hockey
map: Deadlock
- players: 8
- length: 16:37
- speed: Fast
- version: 1.24 W3XP
- replay type: Public
» download(104 KB)
Players
team 1 (winner)
nazebrouq (
red | 39 APM | 654 actions | 16:37)
4 Demon Hunter
1 Mana Burn
2 Immolation
1 Evasion
» actions
| Build / train | 68 | |
| Enter build submenu | 24 | |
| Enter hero's abilities submenu | 4 | |
| Right click | 296 | |
| Select / deselect | 224 | |
| Use ability | 38 | |
654 total
» units
| Wisp | 29 | |
| Archer | 9 | |
| Hippogryph | 7 | |
| Druid of the Claw | 9 | |
54 total
» upgrades
| Improved Bows | 1 | |
| Hippogryph Taming | 1 | |
| Druid of the Claw Training | 2 | |
| Marksmanship | 1 | |
| Mark of the Claw | 1 | |
6 total
» buildings
| Altar of Elders | 1 | |
| Moon Well | 8 | |
| Ancient of War | 1 | |
| Hunter's Hall | 1 | |
| Ancient Protector | 6 | |
| Tree of Life | 1 | |
| Tree of Ages | 1 | |
| Ancient of Wonders | 1 | |
| Tree of Eternity | 1 | |
| Ancient of Wind | 1 | |
| Ancient of Lore | 2 | |
24 total
» build order
00:14 Altar of Elders
00:28 Moon Well
00:51 Ancient of War
01:43 Moon Well
02:21 Hunter's Hall
03:36 Ancient Protector
03:58 Ancient Protector
05:00 Tree of Life
05:29 Moon Well
06:30 Moon Well
06:32 Tree of Ages
07:22 Ancient of Wonders
07:27 Moon Well
09:04 Tree of Eternity
09:17 Ancient of Wind
09:49 Ancient of Lore
10:23 Ancient of Lore
10:56 Ancient Protector
11:01 Ancient Protector
11:06 Ancient Protector
11:15 Ancient Protector
12:46 Moon Well
13:53 Moon Well
15:03 Moon Well
» items
priams (
yellow | 50 APM | 831 actions | 16:37)
3 Archmage
1 Summon Water Elemental
2 Brilliance Aura
3 Paladin
1 Holy Light
2 Devotion Aura
» actions
| Assign group hotkey | 8 | |
| Basic commands | 5 | |
| Build / train | 65 | |
| Enter build submenu | 34 | |
| Enter hero's abilities submenu | 7 | |
| Remove unit from queue | 1 | |
| Right click | 295 | |
| Select / deselect | 360 | |
| Select group hotkey | 5 | |
| Use ability | 51 | |
831 total
» units
| Peasant | 15 | |
| Rifleman | 10 | |
| Priest | 3 | |
| Sorceress | 2 | |
| Knight | 6 | |
| Spell Breaker | 2 | |
38 total
» upgrades
| Gunpowder | 2 | |
| Swords | 2 | |
| Lumber Harvesting | 1 | |
| Plating | 1 | |
| Sorceress Training | 1 | |
| Barrage | 1 | |
8 total
» buildings
| Altar of Kings | 1 | |
| Farm | 13 | |
| Blacksmith | 2 | |
| Barracks | 2 | |
| Scout Tower | 5 | |
| Lumber Mill | 1 | |
| Arcane Tower | 1 | |
| Arcane Vault | 1 | |
| Keep | 1 | |
| Town Hall | 1 | |
| Castle | 1 | |
| Guard Tower | 4 | |
| Arcane Sanctum | 3 | |
| Workshop | 2 | |
38 total
» build order
00:05 Altar of Kings
00:08 Farm
00:44 Blacksmith
00:47 Blacksmith
01:19 Barracks
01:39 Scout Tower
02:19 Lumber Mill
02:25 Farm
02:34 Arcane Tower
03:31 Farm
03:40 Arcane Vault
03:56 Farm
04:04 Keep
04:52 Farm
05:31 Farm
06:06 Town Hall
06:11 Scout Tower
06:19 Farm
06:36 Scout Tower
06:44 Castle
06:57 Guard Tower
07:13 Guard Tower
07:53 Scout Tower
07:57 Scout Tower
08:25 Arcane Sanctum
08:59 Arcane Sanctum
09:23 Guard Tower
09:26 Guard Tower
10:07 Barracks
11:15 Arcane Sanctum
11:23 Farm
11:24 Farm
12:39 Farm
13:18 Farm
14:28 Workshop
14:32 Workshop
15:36 Farm
15:37 Farm
» items
| Lesser Clarity Potion | 2 | |
| Scroll of Regeneration | 1 | |
3 total
tlau (
orange | 82 APM | 1367 actions | 16:37)
4 Blademaster
2 Wind Walk
2 Critical Strike
2 Tauren Chieftain
1 Endurance Aura
1 War Stomp
» actions
| Assign group hotkey | 41 | |
| Build / train | 49 | |
| Enter build submenu | 25 | |
| Enter hero's abilities submenu | 6 | |
| Right click | 421 | |
| Select / deselect | 304 | |
| Select group hotkey | 477 | |
| Use ability | 44 | |
1367 total
» units
| Peon | 14 | |
| Troll Headhunter/Berserker | 7 | |
| Troll Witch Doctor | 4 | |
| Shaman | 1 | |
26 total
» upgrades
| Spiked Barricades | 1 | |
| Armor | 2 | |
| Ranged Weapons | 1 | |
| Witch Doctor Training | 2 | |
| Berserker Upgrade | 1 | |
| Troll Regeneration | 1 | |
| Shaman Training | 1 | |
9 total
» buildings
| Altar of Storms | 1 | |
| Orc Burrow | 9 | |
| Voodoo Lounge | 1 | |
| Barracks | 1 | |
| War Mill | 1 | |
| Watch Tower | 2 | |
| Stronghold | 1 | |
| Spirit Lodge | 2 | |
| Fortress | 1 | |
| Great Hall | 1 | |
| Tauren Totem | 1 | |
21 total
» build order
00:13 Altar of Storms
00:42 Orc Burrow
01:23 Voodoo Lounge
01:44 Orc Burrow
02:10 Barracks
02:26 War Mill
02:45 Orc Burrow
03:54 Watch Tower
04:27 Orc Burrow
05:03 Watch Tower
05:14 Orc Burrow
06:38 Stronghold
06:41 Orc Burrow
07:49 Orc Burrow
09:20 Spirit Lodge
09:24 Spirit Lodge
09:32 Fortress
12:16 Great Hall
13:41 Orc Burrow
14:40 Orc Burrow
16:26 Tauren Totem
» items
| Lesser Clarity Potion | 2 | |
| Healing Salve | 2 | |
4 total
Lacabra (
teal | 28 APM | 462 actions | 16:37)
5 Blademaster
1 Wind Walk
2 Mirror Image
2 Critical Strike
» actions
| Basic commands | 4 | |
| Build / train | 63 | |
| Enter build submenu | 22 | |
| Enter hero's abilities submenu | 5 | |
| Right click | 151 | |
| Select / deselect | 188 | |
| Use ability | 29 | |
462 total
» units
| Peon | 15 | |
| Troll Headhunter/Berserker | 9 | |
| Wind Rider | 9 | |
| Shaman | 6 | |
39 total
» upgrades
| Armor | 3 | |
| Ranged Weapons | 3 | |
| Spiked Barricades | 1 | |
| Troll Regeneration | 1 | |
| Shaman Training | 2 | |
| Berserker Upgrade | 1 | |
| Envenomed Spears | 1 | |
| Reinforced Defenses | 1 | |
13 total
» buildings
| Altar of Storms | 1 | |
| Orc Burrow | 6 | |
| Voodoo Lounge | 1 | |
| War Mill | 1 | |
| Barracks | 1 | |
| Stronghold | 1 | |
| Spirit Lodge | 1 | |
| Beastiary | 1 | |
| Fortress | 1 | |
| Great Hall | 1 | |
| Watch Tower | 7 | |
22 total
» build order
00:17 Altar of Storms
00:23 Orc Burrow
01:01 Voodoo Lounge
01:12 War Mill
01:53 Barracks
02:15 Orc Burrow
03:26 Stronghold
03:49 Orc Burrow
05:50 Spirit Lodge
06:01 Beastiary
06:37 Fortress
07:06 Great Hall
07:22 Orc Burrow
08:52 Watch Tower
10:23 Watch Tower
11:40 Watch Tower
12:00 Orc Burrow
12:54 Watch Tower
13:05 Orc Burrow
14:36 Watch Tower
14:41 Watch Tower
15:54 Watch Tower
» items
| Healing Salve | 1 | |
| Scroll of Town Portal | 1 | |
| Orb of Lightning | 1 | |
3 total
team 2 (loser)
CanadaNo1Hockey (
blue | 28 APM | 465 actions | 16:37)
» actions
| Build / train | 77 | |
| Enter build submenu | 20 | |
| Remove unit from queue | 5 | |
| Right click | 174 | |
| Select / deselect | 173 | |
| Use ability | 16 | |
465 total
» units
» upgrades
» buildings
| War Mill | 1 | |
| Orc Burrow | 3 | |
| Great Hall | 9 | |
| Stronghold | 1 | |
14 total
» build order
00:46 War Mill
00:56 Orc Burrow
03:04 Great Hall
03:11 Great Hall
04:11 Great Hall
04:40 Orc Burrow
06:25 Orc Burrow
06:43 Great Hall
06:54 Great Hall
07:38 Stronghold
08:29 Great Hall
08:57 Great Hall
09:05 Great Hall
09:21 Great Hall
North_Paladin (
purple | 65 APM | 1079 actions | 16:33)
4 Priestess of the Moon
2 Searing Arrows
2 Trueshot Aura
2 Keeper of the Grove
1 Entangling Roots
1 Thorns Aura
» actions
| Assign group hotkey | 60 | |
| Basic commands | 1 | |
| Build / train | 50 | |
| Enter build submenu | 20 | |
| Enter hero's abilities submenu | 6 | |
| Give item / drop item | 1 | |
| Right click | 330 | |
| Select / deselect | 237 | |
| Select group hotkey | 334 | |
| Use ability | 40 | |
1079 total
» units
» upgrades
| Strength of the Moon | 2 | |
| Moon Armor | 2 | |
| Ultravision | 1 | |
| Improved Bows | 1 | |
| Hippogryph Taming | 1 | |
| Strength of the Wild | 1 | |
8 total
» buildings
| Altar of Elders | 1 | |
| Moon Well | 8 | |
| Ancient of War | 2 | |
| Hunter's Hall | 1 | |
| Ancient Protector | 1 | |
| Tree of Ages | 1 | |
| Ancient of Wonders | 1 | |
| Ancient of Wind | 2 | |
| Tree of Life | 2 | |
| Tree of Eternity | 1 | |
20 total
» build order
00:11 Altar of Elders
00:15 Moon Well
00:58 Ancient of War
01:18 Ancient of War
01:57 Moon Well
02:46 Hunter's Hall
03:49 Moon Well
04:30 Moon Well
04:34 Moon Well
05:38 Ancient Protector
05:49 Tree of Ages
05:54 Ancient of Wonders
08:41 Ancient of Wind
10:13 Tree of Life
11:25 Moon Well
12:04 Tree of Eternity
12:28 Ancient of Wind
12:45 Moon Well
13:48 Moon Well
15:22 Tree of Life
» items
| Healing Salve | 1 | |
| Lesser Clarity Potion | 1 | |
2 total

»
YoshAmX (
green | 37 APM | 612 actions | 16:25)
2 Warden
1 Shadow Strike
1 Blink
2 Demon Hunter
1 Mana Burn
1 Evasion
» actions
| Basic commands | 7 | |
| Build / train | 44 | |
| Enter build submenu | 20 | |
| Enter hero's abilities submenu | 4 | |
| Give item / drop item | 1 | |
| Right click | 300 | |
| Select / deselect | 202 | |
| Use ability | 34 | |
612 total
» units
| Wisp | 12 | |
| Dryad | 6 | |
| Chimaera | 6 | |
| Hippogryph | 3 | |
27 total
» upgrades
| Strength of the Wild | 2 | |
| Reinforced Hides | 1 | |
| Abolish Magic | 1 | |
| Corrosive Breath | 1 | |
5 total
» buildings
| Moon Well | 7 | |
| Tree of Ages | 1 | |
| Altar of Elders | 1 | |
| Hunter's Hall | 1 | |
| Ancient of Wonders | 1 | |
| Tree of Eternity | 1 | |
| Ancient of Wind | 1 | |
| Ancient of Lore | 1 | |
| Chimaera Roost | 2 | |
| Tree of Life | 1 | |
17 total
» build order
00:52 Moon Well
01:18 Tree of Ages
01:35 Altar of Elders
01:57 Hunter's Hall
02:14 Moon Well
04:11 Moon Well
04:26 Ancient of Wonders
04:49 Tree of Eternity
05:13 Ancient of Wind
06:39 Ancient of Lore
07:15 Chimaera Roost
07:42 Moon Well
09:37 Moon Well
10:25 Chimaera Roost
10:47 Moon Well
13:06 Moon Well
13:47 Tree of Life
» items
| Potion of Healing | 3 | |
| Scroll of Town Portal | 1 | |
4 total
J.R.A. (
pink | 27 APM | 421 actions | 15:47)
3 Blademaster
1 Wind Walk
2 Critical Strike
» actions
| Build / train | 35 | |
| Enter build submenu | 17 | |
| Enter hero's abilities submenu | 3 | |
| Right click | 203 | |
| Select / deselect | 128 | |
| Use ability | 35 | |
421 total
» units
| Peon | 8 | |
| Grunt | 4 | |
| Shaman | 4 | |
| Wind Rider | 5 | |
21 total
» upgrades
| Shaman Training | 2 | |
| Envenomed Spears | 1 | |
3 total
» buildings
| Altar of Storms | 1 | |
| Orc Burrow | 5 | |
| Barracks | 1 | |
| Voodoo Lounge | 1 | |
| Stronghold | 1 | |
| War Mill | 2 | |
| Fortress | 1 | |
| Watch Tower | 3 | |
| Spirit Lodge | 1 | |
| Beastiary | 1 | |
| Great Hall | 2 | |
19 total
» build order
00:16 Altar of Storms
00:26 Orc Burrow
00:45 Barracks
02:00 Orc Burrow
02:39 Voodoo Lounge
03:30 Stronghold
03:55 War Mill
04:44 War Mill
05:59 Fortress
06:09 Watch Tower
06:20 Orc Burrow
06:36 Watch Tower
06:54 Spirit Lodge
07:20 Watch Tower
07:42 Orc Burrow
08:28 Beastiary
11:37 Orc Burrow
14:44 Great Hall
14:50 Great Hall
» items
| Lesser Clarity Potion | 1 | |
| Healing Salve | 2 | |
| Orb of Lightning | 1 | |
| Scroll of Speed | 1 | |
5 total
Chat log
(00:38 / All) CanadaNo1Hockey: hey all
(00:39 / All) CanadaNo1Hockey: howdy
(00:44 / Allies) North_Paladin: just compensate for his slow start
(00:51 / All) CanadaNo1Hockey: how long was i gone
(01:53 / All) CanadaNo1Hockey: ???
(01:56 / All) CanadaNo1Hockey: anyone english
(02:01 / Allies) North_Paladin: :3
(02:07 / Allies) J.R.A.: me
(02:10 / All) CanadaNo1Hockey: cool hi
(02:14 / Allies) J.R.A.: hi
(02:17 / All) CanadaNo1Hockey: from
(02:32 / Allies) YoshAmX: wood plz 100
(03:17 / All) CanadaNo1Hockey: ghost town
(09:10 / Allies) YoshAmX: MMM
(09:21 / Allies) YoshAmX: u can ask no???
(09:29 / All) CanadaNo1Hockey: sorry i didn't know you spoke english
(09:46 / Allies) YoshAmX: pffff
(10:01 / Allies) YoshAmX: its a way of good
(10:38 / Allies) YoshAmX: dont leave like a bitch now if u take my expand
(10:42 / All) CanadaNo1Hockey: ???
(12:55 / All) CanadaNo1Hockey: thanks green
(13:00 / Allies) YoshAmX: ....
(13:15 / Allies) YoshAmX: i need amine!!!!!!!
(13:44 / Allies) J.R.A.: give me gold plz blue
(13:54 / Allies) J.R.A.: ty
(14:36 / Allies) YoshAmX: stop blue!!!
(14:37 / Allies) YoshAmX: omg
(14:41 / Allies) YoshAmX: what anoob
(14:43 / All) CanadaNo1Hockey: huh
(15:10 / Allies) J.R.A.: hel[p
(16:18 / All) YoshAmX: blue gon in hell ashole
(16:22 / All) CanadaNo1Hockey: Optimum Mining Achieved